 Dungeon Crawl Stone Soup version 0.20.1-1-g8b1a95d (webtiles) character file.

242 spiff the Ruffian (level 5, -1/48 HPs)
             Began as a Troll Hunter on July 17, 2017.
             Killed from afar by Ijyb (17 damage)
             ... with a wand of lightning (?/15)
             ... on level 3 of the Dungeon.
             The game lasted 00:03:57 (1601 turns).

spiff the Ruffian (Troll Hunter)                    Turns: 1601, Time: 00:03:58

Health: -1/48      AC:  5    Str: 20    XL:     5   Next: 82%
Magic:  4/4        EV:  6    Int:  7    God:
Gold:   128        SH: 13    Dex: 11    Spells: 4/4 levels left

rFire    . . .     SeeInvis .     - Unarmed
rCold    . . .     Gourm    +   k - +0 large shield
rNeg     . . .     Faith    .   b - +0 robe
rPois    .         Spirit   .   (helmet restricted)
rElec    .         Reflect  .   t - scarf {repulsion}
rCorr    .         Harm     .   (gloves unavailable)
MR       .....                  (boots unavailable)
Stlth    +.........             (no amulet)
Regen    0.6/turn               (no ring)
MPRegen  0.1/turn               (no ring)

@: repel missiles
A: unfitting armour, claws 3, fast metabolism 3, gourmand, regeneration 1,
shaggy fur 1, tough skin 2
a: no special abilities


You were on level 3 of the Dungeon.
You were very full.

You visited 1 branch of the dungeon, and saw 3 of its levels.

You collected 128 gold pieces.

Inventory:

Missiles
 c - 5 large rocks (quivered)
 d - 3 throwing nets
 g - 39 poisoned needles
Armour
 b - a +0 robe (worn)
 h - a +1 cloak
 k - a +0 large shield (worn)
 t - a scarf of repulsion (worn)
Wands
 r - a wand of acid (10/15)
Scrolls
 a - a scroll of teleportation {unknown}
 e - 3 scrolls of identify {unknown}
 i - a scroll of fog {unknown}
 j - a scroll of noise {unknown}
 o - 3 scrolls of remove curse {unknown}
 p - a scroll of blinking {unknown}
 q - 2 scrolls of random uselessness {unknown}
 s - 2 scrolls of enchant weapon {unknown}
Potions
 n - a potion of invisibility {unknown}
Comestibles
 f - 4 bread rations
 l - 5 chunks of flesh
 m - a royal jelly


   Skills:
 - Level 1.5 Fighting
 - Level 3.6 Throwing
 - Level 1.5 Dodging
 - Level 0.3 Stealth
 + Level 2.7 Shields
 + Level 4.4 Unarmed Combat


You had 4 spell levels left.
You didn't know any spells.

Dungeon Overview and Level Annotations

Branches:
Dungeon (3/15)

Altars:

Annotations:
D:3 Ijyb


Innate Abilities, Weirdness & Mutations

You are too large for most types of armour.
You have claws for hands.
Your metabolism is lightning-fast.
You like to eat raw meat.
Your natural rate of healing is unusually fast.
You are covered in fur. (AC +1)
You have very tough skin. (AC +2)


Message History

You closely miss Ijyb.
Ijyb is lightly wounded.
Ijyb hits you but does no damage. You block Ijyb's attack.
You closely miss Ijyb.
Ijyb is lightly wounded.
Ijyb hits you but does no damage.
You scratch Ijyb.
Ijyb is lightly wounded.
Ijyb barely misses you. Ijyb hits you but does no damage.
You claw Ijyb!
Ijyb is heavily wounded.
Ijyb hits you.
You claw Ijyb!
Ijyb is severely wounded.
You block Ijyb's attack. Ijyb hits you.
You barely miss Ijyb.
Ijyb is severely wounded.
Ijyb is no longer berserk.
Ijyb zaps a wand.
The bolt of lightning hits you!
Ijyb zaps a wand.
The bolt of lightning hits you!
You die...

#.# #.# ### #.# ##.# #..
... ...# #.# #.# #..#
#.# #.# #..# ####.#
#.######..#
.....###.........#######
.............$..@g......
.###.############.######
.# #.# .# .# #.# (. .#
#.# ### .# #.# .# #.# .#
#.# .# #.#


You could see Ijyb.

Vanquished Creatures
  An orc priest (D:3)
  An orc wizard (D:3)
  Terence (D:2)
  7 gnolls (D:2)
  2 adders (D:2)
  An ooze (D:2)
  3 dart slugs (D:2)
  A leopard gecko (D:2)
  3 orcs (D:3)
  9 bats
  2 giant cockroaches
  6 goblins
  3 hobgoblins
  10 jackals
  2 frilled lizards
  6 kobolds
  4 rats (D:2)
62 creatures vanquished.

Notes
Turn   | Place    | Note
-------+----------+-------------------------------------------
     0 | D:1      | spiff the Troll Hunter began the quest for the Orb.
     0 | D:1      | Reached XP level 1. HP: 19/19 MP: 0/0
     1 | D:1      | Noticed an electric eel
   131 | D:1      | Reached skill level 1 in Unarmed Combat
   150 | D:1      | Reached XP level 2. HP: 23/27 MP: 1/1
   256 | D:1      | Reached skill level 2 in Unarmed Combat
   680 | D:2      | Reached XP level 3. HP: 33/33 MP: 2/2
   810 | D:2      | Reached skill level 1 in Shields
   897 | D:2      | Reached skill level 3 in Unarmed Combat
   938 | D:2      | Reached XP level 4. HP: 37/41 MP: 3/3
  1010 | D:2      | Noticed Terence
  1017 | D:2      | Killed Terence
  1145 | D:2      | Reached XP level 5. HP: 43/48 MP: 4/4
  1185 | D:2      | Reached skill level 4 in Unarmed Combat
  1575 | D:3      | Noticed Ijyb
  1601 | D:3      | Killed from afar by Ijyb

Skill      XL: |  1  2  3  4  5 |
---------------+----------------+-----
Unarmed Combat | 1 2 3 4 |  4.4
Shields        | 1 2 |  2.7
Fighting       | |  1.5
Throwing       | |  3.6
Dodging        | |  1.5
Stealth        | |  0.3

Action                   |  1- 3 |  4- 6 || total
-------------------------+-------+-------++-------
Melee: Unarmed           |    91 |   124 ||   215
       Short sword       |     2 |       ||     2
Throw: Large rock        |       |     1 ||     1
  Eat: Chunk             |    14 |     6 ||    20
Armor: Robe              |    65 |    36 ||   101
Dodge: Dodged            |    67 |    23 ||    90
Block: Large shield      |    26 |    99 ||   125
